Cogmind - Beta 15 @@@ ROGUE MODE // 2025.06.16 @ 10:31:36 Player: Ev Result: Self-destructed Performance ------------- Evolutions (3) 1500 Regions Visited (6) 1200 Robots Destroyed (89) 445 Value Destroyed (2950) 2950 Prototype IDs (9) 180 Alien Tech Used (0) 0 Bonus (208) 208 TOTAL SCORE: 6483 Bonus ------- High Alert Combat Kills 208 Cogmind --------- Core Integrity 370/700 Matter 0/300 Energy 100/100 System Corruption 13% Temperature Cool (0) Movement Walking (120) Location -7/Factory Parts ------- > --- POWER (1) -------- (None) > --- PROPULSION (2) --- Improved Carbon-fiber Leg > --- UTILITY (7) ------ Active Sensor Suite Targeting Computer Improved Targeting Computer > --- WEAPON (3) ------- (None) > --- INVENTORY (5) ---- Reinforced Deuterium Engine Improved Targeting Computer Rocket Launcher Rocket Launcher Mining Laser Peak State ------------ > --- POWER ------------ Reinforced Deuterium Engine > --- PROPULSION ------- Armored Treads Armored Treads > --- UTILITY ---------- Improved Heat Sink Small Storage Unit Active Sensor Suite Targeting Computer Improved Targeting Computer > --- WEAPON ----------- Precision Shock Rifle Precision Shock Rifle Precision Shock Rifle > --- INVENTORY -------- Improved Heat Sink Cooled Particle Cannon Cooled Particle Cannon Heavy Rocket Launcher Remote Datajack Mining Laser [Rating: 61] Favorites ----------- Power Improved Ion Engine Engine Improved Ion Engine Power Core Light Nuclear Core Propulsion Light Treads Treads Light Treads Leg Aluminum Leg Wheel Subdweller Monowheel Utility Targeting Computer Device Improved Heat Sink Storage Small Storage Unit Processor Targeting Computer Protection Hardened Medium Armor Plating Weapon Cooled Particle Cannon Energy Gun Medium Laser Energy Cannon Cooled Particle Cannon Ballistic Gun Minigun Launcher Heavy Rocket Launcher Special Weapon Mining Laser Build | -11 -10 -10 -8 -7 -7 -7 ------- Run | Yrd Mat Sub Mat Fac Was Fac Slots Evolved 6 | . . . 4 2 . . Power . | . . . . . . . Propulsion . | . . . . . . . Utility 5 | . . . 3 2 . . Weapon 1 | . . . 1 . . . Parts Attached 64 | 7 5 7 17 28 . . Power 9 | 1 1 2 2 3 . . Engine 8 | 1 1 2 1 3 . . Core 1 | . . . 1 . . . Reactor . | . . . . . . . Propulsion 14 | 2 . 2 4 6 . . Treads 7 | . . . 2 5 . . Leg 6 | 2 . 1 2 1 . . Wheel 1 | . . 1 . . . . Hover . | . . . . . . . Flight . | . . . . . . . Utility 14 | 1 3 . 5 5 . . Device 6 | . . . 3 3 . . Storage 1 | 1 . . . . . . Processor 4 | . 3 . . 1 . . Hackware . | . . . . . . . Protection 3 | . . . 2 1 . . Artifact . | . . . . . . . Weapon 27 | 3 1 3 6 14 . . Energy Gun 14 | 2 1 2 4 5 . . Energy Cannon 3 | . . . . 3 . . Ballistic Gun 4 | 1 . 1 1 1 . . Ballistic Cannon . | . . . . . . . Launcher 5 | . . . . 5 . . Special Weapon 1 | . . . 1 . . . Impact Weapon . | . . . . . . . Slashing Weapon . | . . . . . . . Piercing Weapon . | . . . . . . . Special Melee Weapon . | . . . . . . . Unidentified Prototypes 7 | . . . 2 5 . . Parts Lost 15 | . . 6 . 9 . . Power 2 | . . 1 . 1 . . Propulsion 3 | . . 2 . 1 . . Utility 3 | . . . . 3 . . Weapon 7 | . . 3 . 4 . . Highest Loss Streak 5 | . . 5 . 5 . . To Critical Strikes 1 | . . 1 . . . . Average Backups 5 | 2 3 4 5 6 5 5 Power . | . . . . . . 1 Propulsion . | . . . 1 . . . Utility . | . . 1 1 . 1 1 Weapon 2 | 1 1 2 1 3 2 3 Tool/Special . | . . . . . . . Unused Backups 8 | . 1 1 . 4 1 1 Power 1 | . 1 . . . . . Propulsion 1 | . . . . 1 . . Utility 2 | . . 1 . . . 1 Weapon 3 | . . . . 3 . . Tool/Special 1 | . . . . . 1 . Average Slot Usage (%) 87 | . 96 83 93 91 47 38 Engine 8 | . 14 12 6 6 . . Treads 9 | . . . 13 14 . . Leg 7 | . 28 18 2 . 7 7 Device 9 | . . . 7 15 15 15 Storage 5 | . 4 . 9 7 6 . Processor 16 | . 20 28 12 12 15 15 Protection 6 | . . . 13 9 . . Energy Gun 10 | . 21 14 16 5 . . Energy Cannon 6 | . . . . 12 . . Ballistic Gun 3 | . 6 5 8 . . . Launcher 1 | . . . . 3 1 . Peak Build Rating 61 | 6 7 9 26 61 46 38 Average Rating 29 | 3 6 6 22 45 38 37 On Entrance 19 | . 6 7 7 25 51 38 Naked Turns . | . . . . . . . Heaviest Build 54 | 11 11 9 37 54 10 5 Greatest Support 56 | 20 20 20 40 56 18 18 Greatest Overweight (x) 2 | . . . 1 2 . . Average Overweight (x) . | . . . . . . . Largest Inventory Capacity 8 | 8 8 5 8 8 8 5 Average Capacity 7 | 6 5 5 8 8 7 5 Most Carried 8 | 5 5 5 8 8 6 5 Average Carried 5 | 2 3 4 5 6 5 5 Final Capacity 8 | 8 5 5 8 8 5 5 Final Carried 8 | 2 5 3 8 3 5 5 Class Distribution -------------------- 36% | Mutant 18% | Gunner 16% | Scavenger-Skirmisher 16% | Scavenger-Tank 8% | Tank Dominant Class ---------------- Mutant | -10/Materials Mutant | -10/Subcaves Scavenger-Tank | -8/Materials Scavenger-Skirmisher | -7/Factory Mutant | -7/Waste Mutant | -7/Factory Resources | -11 -10 -10 -8 -7 -7 -7 ----------- Run | Yrd Mat Sub Mat Fac Was Fac Matter Collected 1381 | 198 131 82 410 560 . . Remotely . | . . . . . . . Salvage Created 3351 | . 105 178 955 2113 . . Parts 154 | . 11 15 46 82 . . Haulers Intercepted 6 | . . . 1 5 . . Recyclers Shooed 1 | . . . . 1 . . Parts Field Recycled . | . . . . . . . Retrieved Matter . | . . . . . . . Parts Self-Destructed . | . . . . . . . Prevented . | . . . . . . . Kills | -11 -10 -10 -8 -7 -7 -7 ------- Run | Yrd Mat Sub Mat Fac Was Fac Combat Hostiles Destroyed 63 | . 6 4 17 36 . . Guns 29 | . 6 4 17 2 . . Cannons 17 | . . . . 17 . . AOE 14 | . . . . 14 . . Classes Destroyed 16 | . 2 1 6 7 . . Worker 4 | . . . . 4 . . Builder 4 | . . . . 4 . . Tunneler 1 | . . . . 1 . . Hauler 6 | . . . 1 5 . . Recycler 4 | . . . 1 3 . . Mechanic 1 | . . . . 1 . . Watcher 6 | . 1 . 1 4 . . Swarmer 12 | . 6 . 3 3 . . Grunt 31 | . . . 8 23 . . Brawler 2 | . . . 2 . . . Duelist 1 | . . . 1 . . . Sentry 4 | . . . 3 1 . . Hunter 2 | . . . . 2 . . Programmer 5 | . . . . 5 . . Heavy 2 | . . . . 2 . . Subdweller 4 | . . 4 . . . . Best Kill Streak 12 | . 3 3 4 12 . . Combat Bots Only 8 | . 3 3 3 8 . . Max Kills in Single Turn 3 | . 2 1 1 3 . . Gunslinging 1 | . 1 . . . . . Exploded 3 | . . . . 3 . . Melee . | . . . . . . . Uniques/NPCs Destroyed . | . . . . . . . Combat | -11 -10 -10 -8 -7 -7 -7 -------- Run | Yrd Mat Sub Mat Fac Was Fac Hostile Shots Fired 318 | . 21 57 57 172 2 9 Missed 110 | . 6 24 22 51 . 7 Hits 208 | . 15 33 35 121 2 2 Melee 3 | . . . 1 . 2 . Projectile 205 | . 15 33 34 121 . 2 Critical Strikes 10 | . . 1 3 5 1 . Damage Taken 3810 | . 117 718 524 2349 87 15 Core 579 | . 28 159 62 233 87 10 Absorbed by Shields . | . . . . . . . Core Remaining (%) 71 | 100 . 25 88 . . . Volleys Fired 193 | . 13 16 55 109 . . Largest 3 | . 2 2 3 3 . . Hottest 270 | . 100 110 142 270 . . Shots Fired 450 | . 26 26 155 243 . . Gun 256 | . 26 26 155 49 . . Cannon 169 | . . . . 169 . . Launcher 25 | . . . . 25 . . Special . | . . . . . . . Kinetic 74 | . 9 9 55 1 . . Thermal 309 | . 17 17 100 175 . . Explosive 25 | . . . . 25 . . Electromagnetic 42 | . . . . 42 . . Robot Hit Streak 22 | . 4 13 11 22 . . Robot Miss Streak 5 | . 4 1 5 3 . . Penetration Max . | . . . . . . . Secondary Targets 6 | . 2 . 4 . . . Max Gunslinging Chain 1 | . 1 . 1 . . . Shots Hit Robots 277 | . 13 20 85 159 . . Core Hits 138 | . 8 8 33 89 . . Critical Kills . | . . . . . . . Critical Parts Destroyed . | . . . . . . . Critical Strikes 5 | . . . 5 . . . Burn 5 | . . . 5 . . . Melee Attacks . | . . . . . . . Impact . | . . . . . . . Slashing . | . . . . . . . Piercing . | . . . . . . . Sneak Attacks . | . . . . . . . Combat Hostiles . | . . . . . . . Follow-up Attacks . | . . . . . . . Damage Inflicted 8498 | . 145 273 1508 6572 . . Guns 2340 | . 145 273 1508 414 . . Cannons 3477 | . . . . 3477 . . Explosions 2681 | . . . . 2681 . . Melee . | . . . . . . . Ramming . | . . . . . . . Kinetic 633 | . 33 96 504 . . . Thermal 5039 | . 112 177 1004 3746 . . Explosive 2447 | . . . . 2447 . . Electromagnetic 379 | . . . . 379 . . Impact . | . . . . . . . Slashing . | . . . . . . . Piercing . | . . . . . . . Highest Corruption 13 | . . . . 7 13 13 Average Corruption 5 | . . . . 4 12 13 Corruption Purged . | . . . . . . . Corruption Blocked . | . . . . . . . Effects 44 | . . . . 31 5 8 Message Errors 14 | . . . . 9 2 3 Matter Fused 10 | . . . . 9 1 . Heat Flow Errors 7 | . . . . 6 . 1 Energy Discharges 3 | . . . . 1 1 1 Parts Rejected 1 | . . . . . . 1 Data Loss (minor) 5 | . . . . 3 . 2 Data Loss (major) 1 | . . . . 1 . . Misfires 2 | . . . . 2 . . Misdirections 1 | . . . . . 1 . Overload Shots 14 | . . . . 14 . . Effects 1 | . . . . 1 . . Short Circuit 1 | . . . . 1 . . Overflow Damage 168 | . . . . 168 . . Projectiles 67 | . . . . 67 . . Explosions 101 | . . . . 101 . . Melee . | . . . . . . . Knockbacks . | . . . . . . . Impact . | . . . . . . . Kinetic . | . . . . . . . Secondary . | . . . . . . . Self-Inflicted Damage 206 | . . . . 206 . . Shots 8 | . . . . 8 . . Rammed . | . . . . . . . Targets Rammed . | . . . . . . . Kicked . | . . . . . . . Crushed . | . . . . . . . Highest Temperature 449 | . 150 . 449 264 . 82 Average Temperature 121 | . 57 . 151 85 . 58 Received Heat Transfer 855 | . . 60 297 492 . 6 Effects 3 | . . . 3 . . . Shutdowns 2 | . . . 2 . . . Damage (minor) 1 | . . . 1 . . . Siege Activations . | . . . . . . . Martial Activations . | . . . . . . . Shielding Activations . | . . . . . . . Robots Disrupted . | . . . . . . . Combat Hostiles . | . . . . . . . Robots Corrupted 1 | . . . . 1 . . Combat Hostiles 1 | . . . . 1 . . Parts Fried 7 | . . . . 7 . . Impact Corruptions . | . . . . . . . Robots Melted 2 | . . . . 2 . . Combat Hostiles 2 | . . . . 2 . . Parts Melted 21 | . 1 . 5 15 . . Heat Transferred 7600 | . 333 408 2274 4585 . . Parts Sabotaged . | . . . . . . . Parts Stolen . | . . . . . . . Parts Stripped . | . . . . . . . Power Chain Reactions 1 | . . . . 1 . . Alert | -11 -10 -10 -8 -7 -7 -7 ------- Run | Yrd Mat Sub Mat Fac Was Fac Maximum Alert Level 3 | . . . 1 3 1 . Low Security (%) 57 | 100 100 . 72 38 . 100 Level 1 26 | . . . 27 33 100 . Level 2 12 | . . . . 22 . . Level 3 3 | . . . . 5 . . Level 4 . | . . . . . . . Level 5 . | . . . . . . . High Security . | . . . . . . . Max Security . | . . . . . . . Peak Influence 837 | . 70 . 241 837 288 166 Initial 288 | . . . . 94 288 166 Average 199 | . 10 . 104 291 264 121 Influence Increases 2058 | . 152 . 493 1413 . . Destroy 0b10 Robot/C 1180 | . 120 . 340 720 . . Destroy 0b10 Robot/NC 130 | . 5 . 15 110 . . Destroy Leader 314 | . 22 . 84 208 . . Successful Hack 41 | . 5 . 20 16 . . Disable Machine 120 | . . . 15 105 . . Destroy Structure 143 | . . . 4 139 . . Lose Combat Pursuer 30 | . . . 15 15 . . Active Sensor Use 100 | . . . . 100 . . Influence Decreases 1982 | . 90 62 284 797 587 162 Entered New Map 754 | . . 30 . 115 537 72 Time Decay 1138 | . 90 32 284 592 50 90 Lost Part 90 | . . . . 90 . . Squads Dispatched 19 | . . . 4 14 . 1 Investigation 3 | . . . . 3 . . Extermination 4 | . . . . 4 . . Reinforcement 4 | . . . 1 2 . 1 Assault 2 | . . . . 2 . . Garrison 6 | . . . 3 3 . . Intercept . | . . . . . . . Searches Triggered . | . . . . . . . Construction Impeded . | . . . . . . . Haulers Reinforced . | . . . . . . . Active Scanning Responses 1 | . . . . 1 . . Cargo Convoy Interrupts 1 | . . . . 1 . . Stealth | -11 -10 -10 -8 -7 -7 -7 --------- Run | Yrd Mat Sub Mat Fac Was Fac Distress Signals 4 | . 1 . 2 1 . . Communications Jammed . | . . . . . . . Distress Signals . | . . . . . . . Times Spotted 95 | . 10 9 22 45 4 5 Peak Tracking Total 5 | . 5 4 5 4 5 3 Tactical Retreats 5 | . . 2 1 1 1 . Traps | -11 -10 -10 -8 -7 -7 -7 ------- Run | Yrd Mat Sub Mat Fac Was Fac Traps Triggered 2 | . . 1 . 1 . . Indirectly . | . . . . . . . Trap Hack Attempts . | . . . . . . . Triggered . | . . . . . . . Disarmed . | . . . . . . . Reprogrammed . | . . . . . . . Reused . | . . . . . . . Traps Extracted . | . . . . . . . Installed . | . . . . . . . Triggered . | . . . . . . . Machines | -11 -10 -10 -8 -7 -7 -7 ---------- Run | Yrd Mat Sub Mat Fac Was Fac Machines Disabled 8 | . . . 1 7 . . Max in Single Turn 2 | . . . 1 2 . . Machines Repaired . | . . . . . . . Machines Dismantled . | . . . . . . . Machines Sabotaged . | . . . . . . . Overloaded Fab Kills . | . . . . . . . Hacking | -11 -10 -10 -8 -7 -7 -7 --------- Run | Yrd Mat Sub Mat Fac Was Fac Machines Accessed 10 | . 4 . 2 4 . . Terminals 7 | . 2 . 2 3 . . Fabricators . | . . . . . . . Repair Stations 1 | . . . . 1 . . Recycling Units 2 | . 2 . . . . . Scanalyzers . | . . . . . . . Garrison Access . | . . . . . . . Total Hacks 22 | . 9 . 6 7 . . Successful 9 | . 4 . 3 2 . . Failed 13 | . 5 . 3 5 . . Catastrophic 1 | . . . . 1 . . Database Lockouts . | . . . . . . . Manual 13 | . 1 . 6 6 . . Terminals 15 | . 3 . 6 6 . . Fabricators . | . . . . . . . Repair Stations 1 | . . . . 1 . . Recycling Units 6 | . 6 . . . . . Scanalyzers . | . . . . . . . Garrison Access . | . . . . . . . Terminal Hacks 2 | . 1 . 1 . . . Prototype ID Bank 1 | . 1 . . . . . Locate Traps 1 | . . . 1 . . . Fabricator Hacks . | . . . . . . . Repair Station Hacks . | . . . . . . . Recycling Unit Hacks 3 | . 3 . . . . . Report Inventory 2 | . 2 . . . . . Retrieve Components 1 | . 1 . . . . . Scanalyzer . | . . . . . . . Garrison Access Hacks . | . . . . . . . Unauthorized Hacks 4 | . . . 2 2 . . Terminals 4 | . . . 2 2 . . Track 2 | . . . 1 1 . . Operators 2 | . . . 1 1 . . Fabricators . | . . . . . . . Repair Stations . | . . . . . . . Recycling Units . | . . . . . . . Scanalyzers . | . . . . . . . Garrison Access . | . . . . . . . Data Cores Recovered . | . . . . . . . Used . | . . . . . . . Hacking Detections 9 | . 3 . 2 4 . . Full Trace Events 1 | . . . . 1 . . Feedback Events . | . . . . . . . Feedback Blocked . | . . . . . . . Robot Schematics Acquired . | . . . . . . . Robots Built . | . . . . . . . Authchips . | . . . . . . . Time . | . . . . . . . Total Robot Build Rating . | . . . . . . . Part Schematics Acquired . | . . . . . . . Parts Built . | . . . . . . . Authchips . | . . . . . . . Time . | . . . . . . . Total Part Build Rating . | . . . . . . . Parts Repaired . | . . . . . . . Time . | . . . . . . . Parts Recycled . | . . . . . . . Recycled Matter . | . . . . . . . Retrieved Matter . | . . . . . . . Retrieved Components 7 | . 7 . . . . . Parts Scanalyzed . | . . . . . . . Part Schematics Acquired . | . . . . . . . Parts Damaged . | . . . . . . . Bothacking | -11 -10 -10 -8 -7 -7 -7 ------------ Run | Yrd Mat Sub Mat Fac Was Fac Used RIF Installer . | . . . . . . . Robots Hacked . | . . . . . . . Non-combat . | . . . . . . . Combat . | . . . . . . . Robot Hacks Applied . | . . . . . . . Relay Couplers Released . | . . . . . . . Fabnet Peak Effective % . | . . . . . . . Robots Rewired . | . . . . . . . Allies Hacked . | . . . . . . . Hacks Repelled . | . . . . . . . Allies | -11 -10 -10 -8 -7 -7 -7 -------- Run | Yrd Mat Sub Mat Fac Was Fac Total Allies . | . . . . . . . Largest Group . | . . . . . . . Highest-Rated Group . | . . . . . . . Highest-Rated Ally . | . . . . . . . Total Orders . | . . . . . . . Ally Attacks . | . . . . . . . Total Damage . | . . . . . . . Kills . | . . . . . . . Allies Corrupted . | . . . . . . . Allies Melted . | . . . . . . . Intel | -11 -10 -10 -8 -7 -7 -7 ------- Run | Yrd Mat Sub Mat Fac Was Fac Active Infowar (turns) 1639 | . . . 124 1468 47 . A.S.S. 926 | . . . . 879 47 . Traps 713 | . . . 124 589 . . Robot Analysis Total . | . . . . . . . Derelict Logs Recovered 1 | . . 1 . . . . Drone Launches . | . . . . . . . Drone Recoveries . | . . . . . . . Exploration | -11 -10 -10 -8 -7 -7 -7 ------------- Run | Yrd Mat Sub Mat Fac Was Fac Turns Passed 4692 | 72 604 724 753 2231 112 196 Spaces Moved 2295 | 51 448 557 309 707 81 142 Core 6 | 6 . . . . . . Treads 890 | . . . 216 674 . . Legs 1312 | 45 448 475 88 33 81 142 Wheels 87 | . . 82 5 . . . Hover . | . . . . . . . Flight . | . . . . . . . Fastest Speed 50 | 50 120 110 110 160 120 120 Average Speed 152 | 111 120 118 148 214 120 120 Slowest Speed 260 | 120 120 120 240 260 120 120 Overloaded Moves . | . . . . . . . Propulsion Burnouts . | . . . . . . . Robots Hopped . | . . . . . . . Potential Cave-ins . | . . . . . . . Cave-ins Triggered . | . . . . . . . Exploration Rate (%) 34 | 4 57 41 36 26 72 4 Regions Visited 6 Branch Regions 1 Pre-discovered Areas . | . . . . . . . Known Exits Taken 1 | . . 1 . . . . Unknown Exits Taken 3 | 1 1 . 1 . . . Scrap Searched . | . . . . . . . Spaces Dug 3 | . . . . 3 . . Terrain Destroyed 162 | . . . . 162 . . Melee . | . . . . . . . Projectile 15 | . . . . 15 . . AOE 147 | . . . . 147 . . Terrain Rammed . | . . . . . . . Walls Destroyed . | . . . . . . . Machines Disabled . | . . . . . . . Actions | -11 -10 -10 -8 -7 -7 -7 --------- Run | Yrd Mat Sub Mat Fac Was Fac Total 3131 | 65 490 595 494 1223 97 167 Wait 439 | . 12 6 78 306 12 25 Move 2290 | 50 447 556 308 707 80 142 Hop . | . . . . . . . Pick Up 72 | 8 9 5 22 28 . . Fast Attach 1 | . . . . . 1 . Attach 46 | 6 1 6 13 20 . . Detach 4 | . . 1 . . 3 . Swap 41 | 1 4 2 8 26 . . Drop 45 | . 4 3 10 27 1 . Fire 193 | . 13 16 55 109 . . Melee . | . . . . . . . Ram . | . . . . . . . Kick . | . . . . . . . Crush . | . . . . . . . Escape Stasis . | . . . . . . . Rewire . | . . . . . . . Trap . | . . . . . . . Miscellaneous . | . . . . . . . Route ------- -11/Scrapyard -10/Materials (discovered 5 exits: *Mat x2 / [*Min x2] / [*Sub]) -10/Subcaves -8/Materials -7/Factory -7/Waste -7/Factory History --------- Turn | Location | Event 5 | -11/Scrapyard | Discovered new exit (range 16) 73 | -11/Scrapyard | Entered Materials 197 | -10/Materials | Discovered new exit (range 16) 245 | -10/Materials | Identified exit to Materials 305 | -10/Materials | Build established: Mutant 419 | -10/Materials | Discovered exit to Materials (range 16) 420 | -10/Materials | Discovered new exit (range 12) 459 | -10/Materials | Discovered new exit (range 8) 475 | -10/Materials | Discovered new exit (range 13) 677 | -10/Materials | Entered Subcaves 678 | -10/Subcaves | Approached by a straggling Scientist 764 | -10/Subcaves | A swath of the cavern ceiling suddenly collapsed 904 | -10/Subcaves | Shifting Twisted Machinery released Spk. Treads 1064 | -10/Subcaves | Lost 5 parts (1p2n2w) 1227 | -10/Subcaves | A Subdweller sparked back to life 1227 | -10/Subcaves | A Subdweller sparked back to life 1302 | -10/Subcaves | Core integrity fell below 50% 1306 | -10/Subcaves | Identified exit to Materials 1401 | -10/Subcaves | Entered Materials 1401 | -8/Materials | Evolved 4 slots: Utility x3, Weapon x1 1557 | -8/Materials | Garrison activated, responded to threat 2027 | -8/Materials | Build established: Scavenger-Tank 2141 | -8/Materials | Discovered new exit (range 9) 2154 | -8/Materials | Entered Factory 2154 | -7/Factory | Evolved 2 slots: Utility x2 2534 | -7/Factory | Garrison activated, responded to threat 2735 | -7/Factory | Build established: Tank 3030 | -7/Factory | Cargo convoy interrupted 3131 | -7/Factory | Build established: Gunner 3477 | -7/Factory | Lost 3 parts (2u1w) 3479 | -7/Factory | Found Prototype Device 3494 | -7/Factory | Identified Active Sensor Suite 3764 | -7/Factory | Build established: Scavenger-Skirmisher 4154 | -7/Factory | First assault squad dispatched 4288 | -7/Factory | Destroyed 8 combat bots 4298 | -7/Factory | Lost 5 parts (1p1n3w) 4385 | -7/Factory | Sucked down chute 4385 | -7/Factory | Entered Waste 4396 | -7/Waste | Spotted C-40 Crusher 4400 | -7/Waste | EMP discharged 4400 | -7/Waste | System corruption reached 10% 4449 | -7/Waste | Spotted C-40 Crusher 4465 | -7/Waste | Spotted C-40 Crusher 4466 | -7/Waste | Spotted C-40 Crusher 4482 | -7/Waste | Crushed by Compactor (0 parts destroyed, 2 dropped) 4486 | -7/Waste | Discovered new exit (range 10) 4497 | -7/Waste | Entered Factory 4693 | -7/Factory | Build established: Mutant 4693 | -7/Factory | Self-destructed Last Messages --------------- 04482_ Sml. Storage Unit crushed. 04482_ Acquired Imp. Carbon-fiber Leg. 04484_ System corrupted: Matter fused (-7). 04486_ EXIT=FOUND 04490_ ALERT: Foreign system detected. Charging EMP. LOCATION=UNKNOWN GOAL=ESCAPE 04498_ O-16 Technician: "IFF HANDSHAKE FAILED. SECURING TERMINAL." 04498_ ALERT: All DSF locations entering lockdown mode. 04501_ ALERT: Hostiles spotted, dispatching reinforcements to Terminal F013. 04503_ System corrupted: Component data lost. 04527_ 0VQ#IJRAZ6J9 OVQTAV4CKZTG2NAMB2EW LS 04545_ IZGK8YB>N7XHYGS9XG9EBLQGJ/RGJ9<8 04585_ System corrupted: Energy discharge (-27). 04603_ K-01 Serf collects debris. 04618_ System corrupted: Heat flow error (+129). 04638_ NAXNKQ66KQO1MKYF=M%FLZR 04653_ System corrupted: Component data lost. 04691_ System corrupted: Imp. Heat Sink rejected. Map ----- +----------------------------------------------------+ | ???????????????????# + #?????????? | | ???????????????????# # #?????????? | | ???????????????????# # #?????????? | | ???????????????????# # #?????????? | | ???????????????????## ## #?????????? | | ??????????########### ## #?????????? | | ??????????# # ## #?????????? | | ??????????# # #########+######???????##? | | ??????????# # #???????# #???????????? ? | | ??????????# # #???????# #????#######? ? | | ??????????# # #???????# #????# ! ## "? | | ??????????# # #???????# #????# ## "" | | ??????????# + #???????# #????# ## "" | | ??????????# ! # w #???????# #????# ## | | ??????????########### #######?# #????# ## "" | | ???????????????? ? ## ###??# ! ## "" | | ???????????????? #??? ! ?# "" | | ???????????????? ######+#### | | ???????????T??? """ """ """ """ + | | ??????????? """ """ """ """ ###### ###+ | | ??????????? """ """ """ """ # # ## | | ?????????? # + " | | ?????????? # # ##### | | ????????? Y/ # #?????# | | ????????? ## # #?????? | | ????????? !@ ####### #?????? | | ????????????????#################+######## ####### | | ??????????????????????????# ## | | ??????????????????????????# """ """ ########## | | ??????????????????????????# """"" """"" #????????? | | ??????????????????????????# """"" """"" #????????? | | ???????????????????????????? #????????? | | ???????????????????????????? #????????? | | ?????????????????????????????############????????? | | | | | | | | | | | | | | | | | | | | | | | | | | | | | | | | | +----------------------------------------------------+ Best States ------------- Heat Dissipation 62 Energy Generation 16 Energy Capacity 290 Matter Stores 300 Matter Capacity 300 Sight Range 16 Robot Scan Range 20 Terrain Scan Density 10 Armor Coverage 600 Evasion (%) 55 Targeting Accuracy 11 Recoil Reduction 2 Item Schematics ----------------- None Robot Schematics ------------------ None Fabricated ------------ Nothing Repaired ---------- Nothing Alien Tech Used ----------------- None Achievements -------------- Overkill Challenges ------------ None Game ------ Seed SeismicScrapBoomstick Manual? 0 Play Time 00:50:24 Cumulative 54.0 hours Start 2025.06.15 @ 21:45:27 End 2025.06.16 @ 10:31:36 Sessions 3 Manual Loads 0 Difficulty Rogue Special Mode None Game No. 109 Rogue 109 Adventurer 0 Explorer 0 Win Type - Total 0 Types 0/0/0/0/0/0/0/0/0/0 Lore% 16 Gallery% 29 Achievement% 24 Wizard Run 0 Options --------- Layout 0 ASCII 0 Keyboard 0 Movement Mouse Keybinds 0 Fullscreen 1 Font 24/Smallcaps Map View 76x50 Zoom Use 0% Tactical HUD 1 Map Filters NONE Filters NONE Steam 1 RUN: 6e2e2880-81f8-48d6-b0ae-106d14a1a2cd